 Dungeon Crawl Stone Soup version 0.29-a0-998-g1987434951 (webtiles) character file.

Game seed: 10661050007742127631

118 xian the Shooter (level 4, -1/36 HPs)
             Began as a Draconian Arcane Marksman on Aug 5, 2022.
             Shot with an arrow by a centaur (3 damage)
             ... on level 4 of the Dungeon.
             The game lasted 00:05:35 (3231 turns).

xian the Shooter (Draconian Arcane Marksman)        Turns: 3231, Time: 00:05:36

Health: -1/36      AC:  6    Str: 13    XL:     4   Next: 72%
Magic:  5/5        EV: 12    Int: 13    God:
Gold:   146        SH:  0    Dex: 13    Spells: 4/5 levels left

rFire   . . .      SeeInvis .   a - +1 sling
rCold   . . .      Faith    .   (no shield)
rNeg    . . .      Spirit   .   (body armour unavailable)
rPois   .          Reflect  .   (helmet restricted)
rElec   .          Harm     .   r - +0 cloak
rCorr   +          Rampage  .   (no gloves)
Will    .....                   (no boots)
Stlth   +.........              (no amulet)
HPRegen 0.12/turn               e - ring of resist corrosion
MPRegen 0.09/turn               (no ring)

@: no status effects
A: AC +5, unfitting armour, cold-blooded
a: no special abilities


You were on level 4 of the Dungeon.
You visited 1 branch of the dungeon, and saw 4 of its levels.

You collected 146 gold pieces.

Inventory:

Hand Weapons
 a - a +1 sling (weapon)
 i - a +0 whip of freezing
Armour
 r - a +0 cloak (worn)
Jewellery
 e - a ring of resist corrosion (left hand)
 q - a ring of protection from cold
Scrolls
 b - a scroll of vulnerability
 c - a scroll of noise {unknown}
 d - a scroll of fog
 f - a scroll of enchant armour {unknown}
 g - a scroll of identify {unknown}
 h - a scroll of fear {unknown}
 j - a scroll of magic mapping {unknown}
 k - a scroll of poison {unknown}
 o - a scroll of teleportation {unknown}
 p - 2 scrolls of blinking
 u - a scroll of amnesia {unknown}
Potions
 l - 2 potions of heal wounds {unknown}
 m - a potion of mutation {unknown}
 n - a potion of brilliance {unknown}
 s - a potion of curing {unknown}
 t - a potion of attraction {unknown}


   Skills:
 + Level 2.2 Fighting
 + Level 3.8 Ranged Weapons
 + Level 2.0 Dodging
 + Level 0.3 Stealth
 + Level 1.0 Spellcasting
 + Level 2.9 Hexes


You had 4 spell levels left.
You knew the following spells:

 Your Spells              Type           Power      Damage    Failure   Level
a - Slow                  Hex            32%        N/A       9%          1

Your spell library contained the following spells:

 Spells                   Type           Power      Damage    Failure   Level
 Blink                    Tloc           0%         N/A       38%         2
 Inner Flame              Hex/Fire       4%         N/A       43%         3
 Portal Projectile        Hex/Tloc       8%         N/A       43%         3
 Cause Fear               Hex            4%         N/A       63%         4
 Manifold Assault         Tloc           0%         N/A       100%        5
 Storm Form               Tmut/Air       0%         N/A       100%        7


Dungeon Overview and Level Annotations

Branches:
Dungeon (4/15)
 Temple: D:4-7

Altars:
Hepliaklqana


Innate Abilities, Weirdness & Mutations

Your plain brown scales are hard. (AC +5)
You cannot fit into any form of body armour.
You are cold-blooded and may be slowed by cold attacks.


Message History

The sling bullet hits the dart slug but does no damage.
You shoot a sling bullet. The sling bullet hits the dart slug.
The dart slug is moderately wounded.
You shoot a sling bullet.
The sling bullet completely misses the dart slug.
The dart slug launches a dart at you. The slug dart misses you.
You shoot a sling bullet.
The sling bullet barely misses the dart slug.
You shoot a sling bullet. The sling bullet hits the dart slug.
The dart slug is heavily wounded.
You shoot a sling bullet. The sling bullet hits the dart slug.
You kill the dart slug!
No target in view!
No target in view!
No target in view!
No target in view!
No target in view!
A centaur comes into view.
Found 12 gold pieces.
Found a stone staircase leading up.
The centaur shouts!
The centaur wields a +0 shortbow.
The centaur shoots an arrow.
The arrow barely misses you.
You shoot a sling bullet.
The sling bullet completely misses the centaur.
The centaur shoots an arrow.
The arrow hits you!
You shoot a sling bullet.
The sling bullet completely misses the centaur.
The centaur shoots an arrow.
The arrow hits you.
The centaur shoots an arrow.
The arrow hits you.
The centaur shoots an arrow.
The arrow hits you!
* * * LOW HITPOINT WARNING * * *
The centaur shoots an arrow.
The arrow barely misses you.
The centaur shoots an arrow.
The arrow completely misses you.
The centaur shoots an arrow.
The arrow barely misses you.
The centaur shoots an arrow.
The arrow hits you!
* * * LOW HITPOINT WARNING * * *
There is a stone staircase leading up here.
The centaur shoots an arrow.
The arrow hits you.
You die...

... #.
#......###.#....#
.. ....
..............#
..............#.##
#..###c.......#..#
................#
#..............##
##$....##.#.##
##...####.## ##@##
### #....# ......#
##.....# #......
......## ##.....#
##..###


You could see a centaur.

Vanquished Creatures
  An orc wizard (D:3)
  2 adders
  2 worms
  2 dart slugs
  3 orcs
  3 ball pythons
  8 bats
  4 endoplasms
  6 giant cockroaches
  3 goblins (D:2)
  7 hobgoblins
  6 jackals
  A quokka (D:1)
  3 frilled lizards (D:1)
  3 kobolds
  A rat (D:2)
  A spectral goblin (D:3)
56 creatures vanquished.

Notes
Turn   | Place    | Note
-------+----------+-------------------------------------------
     0 | D:1      | xian the Draconian Arcane Marksman began the quest for the
                  | Orb.
     0 | D:1      | Reached XP level 1. HP: 16/16 MP: 2/2
   115 | D:1      | Reached skill level 2 in Ranged Weapons
   189 | D:1      | Reached XP level 2. HP: 23/23 MP: 3/3
   883 | D:1      | Reached XP level 3. HP: 29/29 MP: 4/4
  1421 | D:2      | Reached skill level 3 in Ranged Weapons
  2178 | D:3      | Found a faded altar of an unknown god.
  2258 | D:3      | Reached XP level 4. HP: 35/36 MP: 5/5
  2300 | D:3      | Found a hazy altar of Hepliaklqana.
  3224 | D:4      | Noticed a centaur
  3230 | D:4      | HP: 1/36 [centaur/arrow (8)]
  3231 | D:4      | Shot with an arrow by a centaur

Illustrated notes

Levels and vault maps discovered:
D:1:      saegor_arrival_miasma, layout_basic
D:2:      layout_basic, serial_forest, infiniplex_forest_clump_small,
          infiniplex_forest_straight_2, infiniplex_forest_clump_diagonal,
          infiniplex_forest_diagonal, infiniplex_forest_lined_room_3,
          infiniplex_forest_clump_C, infiniplex_forest_side_room,
          infiniplex_forest_clump_medium, glass_columns_c,
          mrwooster_statue_mirror
D:3:      layout_loops_ring, lemuel_tele_altar,
          dreamdust_ecumenical_altar_drowned_temple
D:4:      layout_cave_pools, nzn_wu_jian_council_hall

Skill      XL: |  1  2  3 |
---------------+----------+-----
Ranged Weapons | 2 3 |  3.8
Dodging        | 2 |  2.0
Fighting       | 2 |  2.2
Stealth        | |  0.3
Spellcasting   | |  1.0
Hexes          | |  2.9

Action                   |  1- 3 |  4- 6 || total
-------------------------+-------+-------++-------
Melee: Whip              |       |    19 ||    19
       Tailslap          |       |     5 ||     5
 Fire: Sling             |   163 |    55 ||   218
 Cast: Slow              |     7 |     1 ||     8
  Use: Scroll            |       |     2 ||     2
Armor: Skin              |    27 |    12 ||    39
Dodge: Dodged            |    64 |    24 ||    88

Table legend: (Time is in decaauts)
 A = Elapsed time spent in this place.
 B = Non-inter-level travel time spent in this place.
 C = Inter-level travel time spent in this place.
 D = Time resting spent in this place.
 E = Time spent auto-exploring this place.
 F = Levels seen in this place.
 G = Mean time per level.
                   A        B        C        D        E       F      G
               +--------+--------+--------+--------+--------+-----+--------+
         Total |   3287 |   3215 |     72 |      0 |   2719 |   4 |  821.8 |
       Dungeon |   3287 |   3215 |     72 |      0 |   2719 |   4 |  821.8 |
               +--------+--------+--------+--------+--------+-----+--------+

Top non-repeatable levels by time:
     D:3: 1109 daAuts
     D:1: 1107 daAuts
     D:2: 1009 daAuts
     D:4: 61 daAuts
